 Dungeon Crawl Stone Soup version 0.28.0-47-ge53b351184 (webtiles) character file.

Game seed: 7775298216680876959

629 Kangaroobicon the Shield-Bearer (level 7, -12/43 HPs)
             Began as a Gargoyle Fighter on Apr 29, 2022.
             Killed from afar by a steam dragon (18 damage)
             ... with a ball of steam
             ... on level 5 of the Dungeon.
             The game lasted 00:32:12 (3418 turns).

Kangaroobicon the Shield-Bearer (Gargoyle Fighter)  Turns: 3418, Time: 00:32:12

Health: -12/43     AC: 13    Str: 20    XL:     7   Next: 48%
Magic:  0/7        EV: 10    Int:  8    God:
Gold:   151        SH:  5    Dex: 11    Spells: 6/6 levels left

rFire   x . .      SeeInvis +   s - +6 hand axe "Laug" {vorpal, +Blink rF- rC++ SInv}
rCold   + + +      Faith    .   c - +0 buckler
rNeg    + . .      Spirit   +   f - +0 ring mail
rPois   ∞          Reflect  .   (no helmet)
rElec   +          Harm     .   (no cloak)
rCorr   .          Rampage  .   h - +2 pair of gloves
Will    .....                   (no boots)
Stlth   +.........              t - amulet of guardian spirit
HPRegen 0.14/turn               B - ring of protection from cold
MPRegen 0.10/turn               (no ring)

@: no status effects
A: sickness immunity, AC +4, negative energy resistance 1, electricity
resistance, torment resistance 1, petrification resistance
a: Evoke Blink


You were on level 5 of the Dungeon.
You visited 1 branch of the dungeon, and saw 5 of its levels.

You collected 151 gold pieces.

Inventory:

Hand Weapons
 a - a +0 flail
 j - a +0 morningstar
 q - the +8 hunting sling "Embalmer" {freeze, Int+5}
   (You found it on level 2 of the Dungeon)

   Any ammunition fired from it freezes those it strikes, dealing additional
   cold damage.
   It can also slow down cold-blooded creatures.
   Int:       It affects your intelligence (+5).
 s - the +6 hand axe "Laug" (weapon) {vorpal, +Blink rF- rC++ SInv}
   (You found it on level 3 of the Dungeon)

   It inflicts extra damage upon your enemies.
   rF:        It makes you vulnerable to fire.
   rC:        It greatly protects you from cold.
   SInv:      It lets you see invisible.
   +Blink:    It lets you blink.
 C - the +5 dagger of Festooned Expedience {vorpal, rElec rF+ rN+++ Str-2 Int-3}
   (You found it on level 5 of the Dungeon)

   It inflicts extra damage upon your enemies.
   Str:       It affects your strength (-2).
   Int:       It affects your intelligence (-3).
   rF:        It protects you from fire.
   rElec:     It insulates you from electricity.
   rN:        It renders you almost immune to negative energy.
Missiles
 b - a curare-tipped dart
 e - 44 bolts
 k - 88 stones (quivered)
 o - 9 poisoned darts
 y - 32 arrows
 z - 17 sling bullets
Armour
 c - a +0 buckler (worn)
 f - a +0 ring mail (worn)
 h - a +2 pair of gloves (worn)
 x - a +1 robe of cold resistance
Jewellery
 t - an amulet of guardian spirit (around neck)
 B - a ring of protection from cold (left hand)
Wands
 r - a wand of iceblast (7)
Scrolls
 g - a scroll of magic mapping {unknown}
 i - 2 scrolls of identify
 p - a scroll of amnesia {unknown}
 A - a scroll of teleportation {unknown}
Potions
 d - 2 potions of might
 l - 2 potions of heal wounds
 m - 2 potions of degeneration {unknown}
 n - a potion of haste {unknown}
 u - a potion of curing {unknown}
 v - a potion of mutation {unknown}
 w - a potion of ambrosia {unknown}


   Skills:
 + Level 4.3 Fighting
 * Level 3.9(4.3) Axes
 - Level 2.8(4.0) Maces & Flails
 * Level 2.0(2.1) Slings
 + Level 0.1(1.2) Throwing
 + Level 4.3 Armour
 + Level 1.7 Dodging
 + Level 0.9 Stealth
 + Level 4.5 Shields


You had 6 spell levels left.
You didn't know any spells.
Your spell library contained the following spells:

 Spells                   Type           Power      Damage    Failure   Level
 Magic Dart               Conj           0%         1d3       67%         1
 Shock                    Conj/Air       0%         1d3       67%         1
 Ensorcelled Hibernation  Hex/Ice        0%         N/A       80%         2
 Passwall                 Tmut/Erth      0%         N/A       80%         2
 Searing Ray              Conj           0%         2d4       80%         2
 Spider Form              Tmut/Pois      0%         N/A       95%         3
 Swiftness                Air            0%         N/A       95%         3
 Airstrike                Air            0%         N/A       100%        4
 Anguish                  Hex/Necr       0%         N/A       100%        4
 Fulminant Prism          Conj/Hex       0%         3d6       100%        4


Dungeon Overview and Level Annotations

Branches:
Dungeon (5/15)
 Temple: D:4-7

Altars:
Hepliaklqana
Qazlal
Sif Muna
Xom

Shops:
D:5 *


Innate Abilities, Weirdness & Mutations

You are immune to sickness and miasma.
Your stone body is resilient. (AC +4)
You are immune to poison.
You resist negative energy. (rN+)
You are resistant to electric shocks. (rElec)
You are resistant to unholy torment.
You are immune to petrification.


Message History

The scorpion is severely wounded.
The scorpion stings you but does no damage.
You closely miss the scorpion.
The scorpion is severely wounded.
The scorpion stings you.
You slash the scorpion!
You kill the scorpion!
Your Slings skill increases to level 2!
Things that are here:
a +0 scythe; a +0 robe You see here a +0 hand axe.
Found an opal ring.
Found a scroll labelled VUNLEU BO QUDEFF.
A water moccasin skeleton comes into view.
B - a ring of protection from cold
B - a ring of protection from cold (left hand)
Found an ancient dagger.
Found a stone staircase leading down.
You see here the +5 dagger of Festooned Expedience {vorpal, rElec rF+ rN+++ Str-2 Int-3}.
You see here the +5 dagger of Festooned Expedience {vorpal, rElec rF+ rN+++ Str-2 Int-3}.
C - the +5 dagger of Festooned Expedience {vorpal, rElec rF+ rN+++ Str-2 Int-3} A steam dragon comes into view.
The steam dragon hisses angrily.
The steam dragon breathes steam at you. The ball of steam hits you!!
The steam scalds you terribly!
The steam dragon moves out of view.
You hear a shout!
You are engulfed in a cloud of scalding steam.
* * * LOW HITPOINT WARNING * * *
You start resting.
A steam dragon is nearby!
You hit the steam dragon but do no damage.
The steam dragon bites you but does no damage.
The steam dragon closely misses you.
You closely miss the steam dragon. The steam dragon misses you.
The steam dragon claws you.
* * * LOW HITPOINT WARNING * * *
The steam dragon breathes steam at you. The ball of steam hits you!!
The steam scalds you terribly!
You die...

#.........##. ...
#.........###. .D
.........###.. ..
#....##..#.#.. .
#..## #....... #§
#.########.##.
#§###...##.....###
###D......##......#
#.@................
#.........##........
##....#.............
########.....##....
###.######## ###


You could see a steam dragon (catching breath).

Vanquished Creatures
  Sigmund (D:5)
  Blork the orc (D:5)
  A kobold brigand (D:4)
  A scorpion (D:5)
  2 hounds
  A centaur skeleton (D:3)
  A jelly (D:5)
  A hound skeleton (D:4)
  3 adders
  4 gnolls
  A shadow imp (D:5)
  A worm (D:3)
  A dart slug (D:1)
  11 orcs
  A ball python (D:2)
  9 bats
  2 endoplasms (D:3)
  4 goblins
  7 hobgoblins
  A jackal (D:3)
  2 kobolds (D:2)
  4 quokkas
  3 frilled lizards
  5 rats
68 creatures vanquished.

Notes
Turn   | Place    | Note
-------+----------+-------------------------------------------
     0 | D:1      | Kangaroobicon the Gargoyle Fighter began the quest for the
                  | Orb.
     0 | D:1      | Reached XP level 1. HP: 14/14 MP: 1/1
   281 | D:1      | Reached XP level 2. HP: 19/19 MP: 2/2
   442 | D:2      | Reached XP level 3. HP: 22/23 MP: 3/3
   638 | D:2      | Reached XP level 4. HP: 24/29 MP: 4/4
   715 | D:2      | Found a faded altar of an unknown god.
  1096 | D:2      | Identified the +8 hunting sling "Embalmer" {freeze, Int+5}
  1244 | D:3      | Found a stormy altar of Qazlal.
  1531 | D:3      | Found a shimmering blue altar of Sif Muna.
  1870 | D:3      | Identified the +6 hand axe "Laug" {vorpal, +Blink rF- rC++
                  | SInv}
  1881 | D:3      | Reached XP level 5. HP: 32/33 MP: 5/5
  1894 | D:3      | Found a hazy altar of Hepliaklqana.
  2318 | D:4      | Noticed a kobold brigand
  2331 | D:4      | Killed a kobold brigand
  2332 | D:4      | Reached skill level 1 in Axes
  2332 | D:4      | Reached skill level 1 in Slings
  2487 | D:4      | Found a shimmering altar of Xom.
  2740 | D:4      | Reached skill level 1 in Dodging
  2740 | D:4      | Reached XP level 6. HP: 38/38 MP: 6/6
  3256 | D:5      | Entered Level 5 of the Dungeon
  3270 | D:5      | Noticed Blork the orc
  3280 | D:5      | Killed Blork the orc
  3321 | D:5      | Found Reoh's Lightly-Used Armoury.
  3332 | D:5      | Noticed Sigmund
  3341 | D:5      | Killed Sigmund
  3342 | D:5      | Reached XP level 7. HP: 36/43 MP: 7/7
  3393 | D:5      | Identified the +5 dagger of Festooned Expedience {vorpal,
                  | rElec rF+ rN+++ Str-2 Int-3}
  3411 | D:5      | Noticed a steam dragon
  3418 | D:5      | Killed from afar by a steam dragon

Illustrated notes

Levels and vault maps discovered:
D:1:      dpeg_arrival_rhombus, layout_rooms, minmay_misc_feat_roman,
          minmay_misc_feat_hallway
D:2:      layout_basic, shapermc_ecumenical_altar_totnotflames, minmay_3d_cube
D:3:      kennysheep_six_static_rooms, layout_loops_ring,
          nicolae_qazlal_general_emergency, mainiacjoe_overflow_brackets,
          nicolae_hepliaklqana_hippocampus
D:4:      layout_basic, mainiacjoe_overflow_alcove_1, wad_rectangle_vault
D:5:      layout_cave_pools, minmay_shop_damaged, st_stairs_10, uniq_sigmund,
          uniq_edmund, uniq_blork_the_orc, uniq_crazy_yiuf_cottage

Skill      XL: |  1  2  3  4  5  6  7 |
---------------+----------------------+-----
Shields        | 4 |  4.5
Fighting       | 4 |  4.3
Armour         | 4 |  4.3
Axes           | 1 3 |  3.9
Slings         | 1 2 |  2.0
Dodging        | 1 |  1.7
Maces & Flails | |  2.8
Throwing       | |  0.1
Stealth        | |  0.9

Action                   |  1- 3 |  4- 6 |  7- 9 || total
-------------------------+-------+-------+-------++-------
Melee: Flail             |    60 |    79 |       ||   139
       Hand axe          |       |    71 |    13 ||    84
 Fire: Hunting sling     |       |     6 |       ||     6
Throw: Stone             |    13 |       |       ||    13
  Use: Scroll            |     1 |     1 |       ||     2
Armor: Ring mail         |    35 |    78 |     7 ||   120
       Scale mail        |     1 |       |       ||     1
Dodge: Dodged            |    34 |    94 |     7 ||   135
Block: Buckler           |    12 |    33 |       ||    45
